Description

Economic build T vs all

Replay - M&M, Factory Late BC

Build Order

Get SALT Encoding   

  12  0:01  SCV  
  13  0:15  Supply Depot  
  13  0:18  SCV  
  14  0:29  Refinery  
  14  0:30  SCV  
  15  0:44  Barracks  
  15  0:48  SCV  
  16  1:00  SCV  
  16  1:03  Refinery  
  17  1:12  SCV  
  18  1:24  SCV  
  19  1:33  Factory  
  19  1:36  SCV, Barracks Tech Lab  
  20  1:46  Supply Depot  
  20  1:52  SCV  
  21  1:58  Marine  
  22  2:04  SCV  
  23  2:12  Stimpack  
  23  2:17  Orbital Command  
  23  2:34  Marine  
  24  2:37  Factory Reactor  
  24  3:15  Hellion x2  
  28  3:20  Command Center  
  28  3:23  Marine  
  29  3:36  Hellion  
  31  3:45  Marine  
  31  4:03  Supply Depot  
  31  4:21  Combat Shield  
  31  4:25  Hellion x2  
  31  4:26  Supply Depot  
  35  4:46  Hellion x2  
  39  5:08  Hellion x2  
  43  5:53  Orbital Command  
  44  6:05  Marine x2  
  44  6:11  Starport  
  46  6:16  Siege Tank  
  50  6:23  Marine x2  
  53  6:31  Supply Depot  
  55  6:41  Marine x2  
  55  6:43  Refinery  
  58  6:48  Siege Tank  
  58  6:50  Starport Reactor  
  66  7:45  Siege Tank  
  66  7:47  Viking x2  
  79  8:17  Viking x2, Siege Tank  
  88  8:47  Viking x2  
  94  8:54  Refinery  
  95  8:58  Barracks  
  98  9:17  Viking x2  
  106  9:46  Barracks Reactor  
  106  9:53  Fusion Core  
  108  10:12  Command Center  
  110  10:44  Viking x2  
  128  11:47  Battlecruiser  
  137  11:57  Starport, Weapon Refit  
  141  12:02  Armory  
  143  12:20  Starport  
  145  12:36  Starport Tech Lab  
  147  12:50  Armory  
  147  12:51  Battlecruiser  
  155  13:01  Orbital Command  
  155  13:17  Battlecruiser  
  161  13:28  Terran Ship Weapons Level 1  
  161  13:55  Battlecruiser  
  179  14:21  Battlecruiser  
  185  14:31  Refinery x2  
Spawning Tool Build Advisor. Get it on Overwolf

Go to:

Details

  • Created by: Huyenji
  • Published on: Aug 19, 2019
  • Modified on: Aug 19, 2019
  • Patch: 4.7.1
Show
View Real Time Build Order
Export as new Build Order

Comments (0)

There are no comments. Be the first!

Create an account to comment!